 Dungeon Crawl Stone Soup version 0.28.0-45-g0d030f2227 (webtiles) character file.

Game seed: 3077189730759100531

245 thiscave3701365 the Slasher (level 6, -4/84 HPs)
             Began as a Hill Orc Berserker on Apr 12, 2022.
             Was a Follower of Trog.
             Succumbed to an orc wizard's poison
             ... on level 4 of the Dungeon.
             The game lasted 00:02:49 (3632 turns).

thiscave3701365 the Slasher (Hill Orc Berserker)    Turns: 3632, Time: 00:02:49

Health: -4/84      AC: 10    Str: 22    XL:     6   Next: 10%
Magic:  6/6        EV:  8    Int:  7    God:    Trog [*.....]
Gold:   220        SH:  0    Dex: 10    Spells: 5/5 levels left

rFire   . . .      SeeInvis .   a - +0 falchion
rCold   . . .      Faith    .   (no shield)
rNeg    . . .      Spirit   .   n - +0 chain mail
rPois   .          Reflect  .   j - +0 helmet
rElec   .          Harm     .   (no cloak)
rCorr   .          Rampage  .   (no gloves)
Will    .....                   (no boots)
Stlth   ..........              (no amulet)
HPRegen 0.24/turn               (no ring)
MPRegen 0.10/turn               (no ring)

@: berserking (expiring), lethally poisoned (-4 -> -36), very quick
A: no striking features
a: Renounce Religion, Berserk


You were on level 4 of the Dungeon.
You worshipped Trog.
Trog was aware of your devotion.
You visited 1 branch of the dungeon, and saw 4 of its levels.

You collected 220 gold pieces.

Inventory:

Hand Weapons
 a - a +0 falchion (weapon)
Armour
 j - a +0 helmet (worn)
 n - a +0 chain mail (worn)
Scrolls
 b - 2 scrolls of silence {unknown}
 c - 2 scrolls of fear {unknown}
 d - 2 scrolls of identify {unknown}
 f - 2 scrolls of teleportation {unknown}
 g - 3 scrolls of fog {unknown}
 k - a scroll of noise {unknown}
 l - a scroll of immolation {unknown}
 m - 4 scrolls of enchant weapon {unknown}
Potions
 e - 2 potions of curing {unknown}
 h - a potion of haste
 i - 2 potions of heal wounds {unknown}
 o - a potion of attraction {unknown}


   Skills:
 + Level 5.0 Fighting
 + Level 5.1 Long Blades
 + Level 3.5 Armour
 + Level 2.4 Dodging
 + Level 0.5 Stealth


You had 5 spell levels left.
You didn't know any spells.
Your spell library was empty.

Dungeon Overview and Level Annotations

Branches:
Dungeon (4/15)
 Temple: D:4-7

Altars:
Nemelex Xobeh

Shops:
D:1 :


Message History

You hit the orc priest.
You kill the orc priest!
Trog accepts your kill.
You feel sick. Something hits you.
* * * LOW HITPOINT WARNING * * *
You are lethally poisoned!
Your Long Blades skill increases to level 5!
You have reached level 6!
You miss something.
* * * LOW HITPOINT WARNING * * *
You feel very sick.
You hear some strange, mumbled words.
A magic dart appears from out of thin air!
The magic dart hits you.
* * * LOW HITPOINT WARNING * * *
Unknown command.
You miss something.
* * * LOW HITPOINT WARNING * * *
You feel sick. Something hits you but does no damage.
You closely miss something.
* * * LOW HITPOINT WARNING * * *
You feel very sick.
You miss something.
* * * LOW HITPOINT WARNING * * *
You feel sick. Something hits you but does no damage.
You are more poisoned.
You miss something.
* * * LOW HITPOINT WARNING * * *
You feel very sick. Something hits you but does no damage.
You are more poisoned.
You closely miss something.
* * * LOW HITPOINT WARNING * * *
You feel very sick. Something hits you but does no damage.
You are more poisoned.
You are too berserk!
You are too berserk!
You closely miss something.
You die...

#........#
#........#
#........#
####
#........#
#...
#........#
#####.##
#......[(#
#.....#
#...){)..#
#.##### #@#
#####.#
#.#####.....#
#.......#####
#.####### ###


There were no monsters in sight!

Vanquished Creatures
  A scorpion (D:4)
  An orc priest (D:4)
  An iguana (D:3)
  Jessica (D:2)
  4 adders
  An ufetubus (D:4)
  2 worms
  A dart slug (D:3)
  3 orcs
  3 ball pythons
  5 endoplasms
  3 giant cockroaches
  3 hobgoblins
  4 jackals (D:3)
  4 quokkas
  4 bats
  4 frilled lizards
  5 goblins
  4 kobolds
  5 rats
59 creatures vanquished.

Vanquished Creatures (others)
  2 plants (D:3)
2 creatures vanquished.

Grand Total: 61 creatures vanquished

Notes
Turn   | Place    | Note
-------+----------+-------------------------------------------
     0 | D:1      | thiscave3701365 the Hill Orc Berserker began the quest for
                  | the Orb.
     0 | D:1      | Reached XP level 1. HP: 19/19 MP: 1/1
    23 | D:1      | Found Cuysuh's Book Emporium.
  1349 | D:2      | Reached XP level 2. HP: 27/27 MP: 2/2
  1833 | D:2      | Reached XP level 3. HP: 33/33 MP: 3/3
  1933 | D:2      | Found a sparkling altar of Nemelex Xobeh.
  1933 | D:2      | Noticed Jessica
  1952 | D:2      | Killed Jessica
  2262 | D:2      | Reached XP level 4. HP: 39/41 MP: 4/4
  2336 | D:3      | Found a faded altar of an unknown god.
  2805 | D:3      | Reached XP level 5. HP: 47/47 MP: 5/5
  3521 | D:4      | Reached skill level 5 in Fighting
  3626 | D:4      | Reached skill level 5 in Long Blades
  3626 | D:4      | Reached XP level 6. HP: 21/56 MP: 6/6
  3631 | D:4      | HP: 1/84 [poisoned by an orc wizard]
  3632 | D:4      | Succumbed to an orc wizard's poison

Illustrated notes

Levels and vault maps discovered:
D:1:      dpeg_arrival_stone_temple_mockup, layout_basic, serial_shops, shop
D:2:      layout_basic, basic_altar, uniq_jessica
D:3:      layout_rooms, shapermc_ecumenical_altar_mp_urbaneastern
D:4:      layout_rooms, kennysheep_small_square

Skill      XL: |  1  2  3  4  5 |
---------------+----------------+-----
Fighting       | 4 5 |  5.0
Long Blades    | 4 5 |  5.1
Armour         | 3 |  3.5
Dodging        | 2 |  2.4
Stealth        | |  0.5

Action                   |  1- 3 |  4- 6 || total
-------------------------+-------+-------++-------
Melee: Falchion          |    88 |   139 ||   227
       Punch             |     1 |     4 ||     5
Invok: Berserk           |       |     6 ||     6
Armor: Animal skin       |     8 |       ||     8
       Ring mail         |    18 |    57 ||    75
       Chain mail        |       |    29 ||    29
Dodge: Dodged            |    50 |   110 ||   160
